 Dungeon Crawl Stone Soup version 0.29-a0-617-g7a6b98fccd (webtiles) character file.

Game seed: 4024024598944245275

5784 YayAnonymity the Quickloader (level 11, -2/89 HPs)
             Began as a Formicid Fighter on June 17, 2022.
             Was a Believer of Fedhas.
             Slain by a six-headed hydra (3 damage)
             ... on level 10 of the Dungeon.
             The game lasted 00:17:16 (11329 turns).

YayAnonymity the Quickloader (Formicid Fighter)    Turns: 11329, Time: 00:17:16

Health: -2/89      AC: 19    Str: 30    XL:     11   Next: 6%
Magic:  0/14       EV:  8    Int:  9    God:    Fedhas [**....]
Gold:   1508       SH:  6    Dex: 19    Spells: 10/10 levels left

rFire   . . .      SeeInvis +   b - +1 arbalest
rCold   . . .      Faith    .   c - +0 buckler
rNeg    . . .      Spirit   +   x - +1 plate armour
rPois   .          Reflect  .   (helmet unavailable)
rElec   .          Harm     .   f - +2 cloak
rCorr   .          Rampage  .   r - +0 pair of gloves
Will    +....                   (no boots)
Stlth   ..........              q - amulet of guardian spirit
HPRegen 0.24/turn               i - +6 ring of strength
MPRegen 0.14/turn               y - +6 ring of dexterity

@: mighty, studying Fighting
A: permanent stasis, dig shafts and tunnels, antennae 3, four strong arms
a: Dig, Shaft Self, Renounce Religion, Wall of Briars


You were on level 10 of the Dungeon.
You worshipped Fedhas.
Fedhas was pleased with you.
You visited 2 branches of the dungeon, and saw 11 of its levels.

You collected 1508 gold pieces.

Inventory:

Hand Weapons
 a - a +0 battleaxe
 b - a +1 arbalest (weapon)
 z - a +0 hand axe of flaming
Missiles
 k - 17 poisoned darts
 n - 8 silver boomerangs
Armour
 c - a +0 buckler (worn)
 f - a +2 cloak (worn)
 r - a +0 pair of gloves (worn)
 x - a +1 plate armour (worn)
Jewellery
 i - a +6 ring of strength (left hand)
 q - an amulet of guardian spirit (around neck)
 y - a +6 ring of dexterity (right hand)
 B - a +4 ring of evasion
Wands
 s - a wand of quicksilver (12)
 C - a wand of flame (14)
 D - a wand of mindburst (14)
 G - a wand of iceblast (14)
Scrolls
 m - 2 scrolls of fear
 o - a scroll of enchant armour
Potions
 d - 2 potions of might
 e - 4 potions of curing
 g - a potion of brilliance
 h - a potion of cancellation
 l - 2 potions of resistance
 p - 2 potions of mutation
 u - a potion of attraction
 w - a potion of ambrosia
 A - 5 potions of flight


   Skills:
 + Level 9.3 Fighting
 + Level 7.4 Axes
 * Level 9.4 Crossbows
 + Level 7.5 Armour
 - Level 2.0 Dodging
 - Level 6.0 Shields
 + Level 4.7 Invocations


You had 10 spell levels left.
You didn't know any spells.
Your spell library contained the following spells:

 Spells                   Type           Power      Damage    Failure   Level
 Beastly Appendage        Tmut           0%         N/A       99%         1
 Foxfire                  Conj/Fire      0%         2x1d4     99%         1
 Wereblood                Tmut           0%         N/A       99%         2
 Conjure Flame            Conj/Fire      0%         6-21      100%        3
 Ignite Poison            Fire/Tmut/Pois 0%         N/A       100%        3
 Inner Flame              Hex/Fire       0%         N/A       100%        3
 Portal Projectile        Hex/Tloc       0%         N/A       100%        3
 Spider Form              Tmut/Pois      0%         N/A       100%        3
 Tukima's Dance           Hex            0%         N/A       100%        3
 Flame Wave               Conj/Fire      0%         2d4       100%        4
 Sticky Flame             Conj/Fire      0%         2d3       100%        4
 Blade Hands              Tmut           0%         N/A       100%        5


Dungeon Overview and Level Annotations

Branches:
Dungeon (10/15)            Temple (1/1) D:7            Lair (0/6) D:9
    Orc: D:9-12

Altars:
Ashenzari
Cheibriados
Dithmenos
Elyvilon
Fedhas
Gozag
Hepliaklqana
Kikubaaqudgha
Makhleb
Nemelex Xobeh
Okawaru
Qazlal
Ru
Sif Muna
Trog
Uskayaw
Vehumet
Wu Jian
Xom
Yredelemnul
Zin
The Shining One

Shops:
D:3 =

Annotations:
D:3 2 transporters
D:4 3 runed translucent doors, ThrustWizard's ghost, amateur DsGl
D:6 3 runed translucent doors, DocClef's ghost, weakling GnDe


Innate Abilities, Weirdness & Mutations

You cannot be hasted, slowed, berserked, paralysed or teleported.
You can dig through walls and to a lower floor.
You have a pair of large antennae on your head. (SInv)
Your four strong arms can wield two-handed weapons with a shield.


Message History

* * * LOW HITPOINT WARNING * * *
The six-headed hydra barely misses you.
You feel much better. The six-headed hydra bites you!
The six-headed hydra bites you.
* * * LOW HITPOINT WARNING * * *
The six-headed hydra bites you!
* * * LOW HITPOINT WARNING * * *
The six-headed hydra bites you!
* * * LOW HITPOINT WARNING * * *
The six-headed hydra bites you but does no damage.
The six-headed hydra closely misses you.
Okay, then.
You feel much better.
The six-headed hydra completely misses you.
The six-headed hydra bites you.
* * * LOW HITPOINT WARNING * * *
The six-headed hydra closely misses you.
The six-headed hydra bites you but does no damage.
The six-headed hydra bites you.
* * * LOW HITPOINT WARNING * * *
The six-headed hydra bites you.
* * * LOW HITPOINT WARNING * * *
You feel very mighty all of a sudden.
The six-headed hydra closely misses you.
The six-headed hydra bites you.
* * * LOW HITPOINT WARNING * * *
The six-headed hydra bites you but does no damage. x3
The six-headed hydra bites you.
* * * LOW HITPOINT WARNING * * *
Shoot: b) +1 arbalest
Press: ? - help, Q - select action, (/) - cycle Shift-Dir - straight line, f/p - six-headed hydra
Aim: a six-headed hydra (severely wounded, ally target, 83% to hit)
You shoot a bolt. The bolt hits the six-headed hydra.
The six-headed hydra is severely wounded.
The six-headed hydra bites you but does no damage.
The six-headed hydra barely misses you.
The six-headed hydra bites you but does no damage.
The six-headed hydra bites you.
You die...
Fedhas appreciates your contribution to the ecosystem.

........# .#.
........###....
#........#..#
#...........#
.........#.#
#..)...... #..PP.#.#
#PDP.# #@#P## #.
#.#§# #. #.#§# #.
#.#§# #.### #.#§#
#... #.#§# #..###.#
######.#§#
###.#.#.#.#....§..§#
#...<[.....#####§###


You could see a six-headed hydra (ally target).

Vanquished Creatures
  4 trolls
  Prince Ribbit (D:6)
  8 yaks (D:9)
  2 water moccasins
  Duvessa (D:7)
  2 orc warriors
  2 ice beasts
  2 sky beasts
  3 ogres
  A centaur (D:9)
  A phantom (D:5)
  Blork the orc (D:6)
  2 kobold brigands
  A necrophage (D:5)
  2 bullfrogs
  A scorpion (D:4)
  3 wights (D:6)
  Dowan (D:7)
  14 killer bees
  A howler monkey (D:9)
  4 hounds
  5 orc priests
  2 jellies (D:7)
  A gnoll shaman (D:8)
  7 iguanas
  8 orc wizards
  9 gnolls
  5 adders
  2 white imps
  An ufetubus (D:4)
  A worm (D:2)
  5 dart slugs
  24 orcs
  10 ball pythons
  4 endoplasms
  7 giant cockroaches
  11 goblins
  6 hobgoblins
  13 kobolds
  2 quokkas (D:3)
  7 bats
  7 frilled lizards
  3 rats
197 creatures vanquished.

Vanquished Creatures (others)
  13 plants (D:2)
13 creatures vanquished.

Grand Total: 210 creatures vanquished

Notes
Turn   | Place    | Note
-------+----------+-------------------------------------------
     0 | D:1      | YayAnonymity the Formicid Fighter began the quest for the
                  | Orb.
     0 | D:1      | Reached XP level 1. HP: 18/18 MP: 1/1
    41 | D:1      | You fall into a shaft and drop 1 floor!
   158 | D:1      | Reached XP level 2. HP: 21/24 MP: 2/2
   243 | D:1      | Found a faded altar of an unknown god.
   401 | D:1      | Reached XP level 3. HP: 29/29 MP: 3/3
  1041 | D:2      | Reached XP level 4. HP: 35/35 MP: 4/4
  1256 | D:2      | Reached skill level 1 in Dodging
  1746 | D:2      | Reached XP level 5. HP: 42/42 MP: 5/5
  2088 | D:3      | Found a transporter.
  2476 | D:3      | Found Useo's Jewellery Shoppe.
  2519 | D:3      | Found a transporter.
  2602 | D:3      | Reached skill level 1 in Crossbows
  2736 | D:3      | Identified the +6 mace "Meatzys" {drain, Drain Will+ Dex+5}
  2999 | D:4      | Reached XP level 6. HP: 17/48 MP: 6/6
  3001 | D:4      | Noticed an orc warrior
  3296 | D:4      | Found a runed translucent gate.
  3352 | D:4      | Reached skill level 5 in Shields
  3374 | D:4      | Killed an orc warrior
  3647 | D:4      | Reached XP level 7. HP: 33/54 MP: 7/7
  3763 | D:4      | Found a runed translucent gate.
  3821 | D:4      | Noticed ThrustWizard's ghost (amateur DsGl)
  3829 | D:4      | Found a runed translucent gate.
  4149 | D:5      | Entered Level 5 of the Dungeon
  4299 | D:5      | Reached XP level 8. HP: 37/60 MP: 8/8
  4457 | D:5      | Identified a scroll of acquirement
  4457 | D:5      | Acquired 913 gold pieces
  5162 | D:6      | Reached skill level 5 in Axes
  5162 | D:6      | Reached skill level 5 in Crossbows
  5498 | D:6      | Noticed Prince Ribbit
  5502 | D:6      | Killed Prince Ribbit
  5503 | D:6      | Reached skill level 5 in Fighting
  5503 | D:6      | Reached skill level 5 in Armour
  5503 | D:6      | Reached XP level 9. HP: 57/68 MP: 9/9
  5672 | D:6      | Acquired a manual of Fighting
  5959 | D:6      | Found a runed translucent gate.
  5960 | D:6      | Found a runed translucent gate.
  5962 | D:6      | Found a runed translucent gate.
  5963 | D:6      | Found an opulent altar of Gozag.
  5964 | D:6      | Noticed DocClef's ghost (weakling GnDe)
  5965 | D:6      | Noticed Blork the orc
  5974 | D:6      | Killed Blork the orc
  5975 | D:6      | Noticed a two-headed ogre
  6728 | D:7      | Found a staircase to the Ecumenical Temple.
  6737 | Temple   | Entered the Ecumenical Temple
  7006 | Temple   | Became a worshipper of Fedhas Madash
  7258 | D:7      | Reached skill level 1 in Invocations
  7642 | D:7      | Noticed Duvessa
  7642 | D:7      | Noticed Dowan
  7651 | D:7      | Killed Duvessa
  7655 | D:7      | Killed Dowan
  8018 | D:8      | Found an iron altar of Okawaru.
  8158 | D:8      | Reached * piety under Fedhas
  8165 | D:8      | Reached XP level 10. HP: 77/79 MP: 11/11
  9800 | D:9      | Reached ** piety under Fedhas
 10381 | D:9      | Identified the +7 dagger of Ujisoracete {vorpal, rN+}
 10429 | D:9      | Reached XP level 11. HP: 55/89 MP: 11/14
 10761 | D:9      | Found a staircase to the Lair.
 10940 | D:10     | Entered Level 10 of the Dungeon
 11316 | D:10     | Noticed a six-headed hydra
 11326 | D:10     | HP: 4/89 [six-headed hydra (10)]
 11328 | D:10     | HP: 1/89 [six-headed hydra (5)]
 11329 | D:10     | Slain by a six-headed hydra

Illustrated notes

Levels and vault maps discovered:
D:1:      lemuel_arrival_behind_the_door_large, layout_loops_corners,
          hellmonk_ecumenical_altar_leap_of_faith
D:2:      wad_lake_hut, layout_basic
D:3:      gammafunk_wand_slinger, layout_basic, serial_shops, shop,
          minmay_surrounded
D:4:      layout_rooms, gammafunk_ghost_split, guppyfry_early_orc_mine
D:5:      layout_basic
D:6:      layout_basic, ebering_ghost_gozag, uniq_prince_ribbit1,
          uniq_blork_the_orc
D:7:      nicolae_cairo_tiling_large, layout_gridville,
          minmay_temple_entry_butterflies, uniq_duvessa
D:8:      layout_cave_pods, mainiacjoe_overflow_cross_hatched
D:9:      layout_loops_ring, lair_entry_dummy, enter_bailey_3
D:10:     layout_loops_ring, serial_shops, kennysheep_little_box, st_stairs_9,
          nicolae_rejected_hall
Temple:   nicolae_temple_the_god_donut

Skill      XL: |  1  2  3  4  5  6  7  8  9 10 |
---------------+-------------------------------+-----
Dodging        | 1 2 |  2.0
Axes           | 3 4 5 6 7 |  7.4
Crossbows      | 1 2 4 6 7 9 |  9.4
Fighting       | 4 5 7 9 |  9.3
Armour         | 4 5 6 7 |  7.5
Shields        | 5 6 |  6.0
Invocations    | 2 4 |  4.7

Action                   |  1- 3 |  4- 6 |  7- 9 | 10-12 || total
-------------------------+-------+-------+-------+-------++-------
Melee: War axe           |    35 |    12 |    30 |       ||    77
       Battleaxe         |       |       |    15 |    59 ||    74
 Fire: Arbalest          |    41 |   140 |   224 |   117 ||   522
Invok: Wall of Briars    |       |       |       |     1 ||     1
 Abil: Dig               |       |     1 |       |       ||     1
  Use: Scroll            |       |     4 |    13 |     6 ||    23
       Potion            |       |     1 |       |     4 ||     5
Armor: Scale mail        |    30 |    45 |     1 |       ||    76
       Plate armour      |       |       |   128 |   231 ||   359
Dodge: Dodged            |    40 |    53 |    77 |   120 ||   290
Block: Buckler           |    23 |    29 |    75 |   122 ||   249

Table legend: (Time is in decaauts)
 A = Elapsed time spent in this place.
 B = Non-inter-level travel time spent in this place.
 C = Inter-level travel time spent in this place.
 D = Time resting spent in this place.
 E = Time spent auto-exploring this place.
 F = Levels seen in this place.
 G = Mean time per level.
                   A        B        C        D        E       F      G
               +--------+--------+--------+--------+--------+-----+--------+
         Total |  11853 |  11084 |    769 |   1379 |   7663 |  11 | 1077.5 |
       Dungeon |  11576 |  10813 |    763 |   1379 |   7476 |  10 | 1157.6 |
        Temple |    276 |    270 |      6 |      0 |    187 |   1 |  276.0 |
               +--------+--------+--------+--------+--------+-----+--------+

Top non-repeatable levels by time:
     D:9: 1627 daAuts
     D:8: 1583 daAuts
     D:6: 1483 daAuts
     D:4: 1189 daAuts
     D:2: 1171 daAuts
     D:3: 1136 daAuts
     D:1: 1023 daAuts
     D:5: 986 daAuts
     D:7: 978 daAuts
    D:10: 395 daAuts
  Temple: 276 daAuts
